 Dungeon Crawl Stone Soup version 0.28.0-45-g0d030f2227 (webtiles) character file.

Game seed: 3536061902947831867

497 seaoflcl the Covered (level 7, -2/54 HPs)
             Began as a Human Fighter on Apr 11, 2022.
             Was a Follower of Zin.
             Slain by an orc
             ... wielding a +0 mace
              (5 damage)
             ... on level 4 of the Dungeon.
             The game lasted 00:05:27 (3353 turns).

seaoflcl the Covered (Human Fighter)                Turns: 3353, Time: 00:05:28

Health: -2/54      AC:  7    Str: 18    XL:     7   Next: 38%
Magic:  7/7        EV: 10    Int: 14    God:    Zin [*.....]
Gold:   117        SH:  5    Dex: 13    Spells: 6/6 levels left

rFire   . . .      SeeInvis .   a - +0 long sword
rCold   . . .      Faith    .   c - +0 buckler
rNeg    . . .      Spirit   .   b - +0 scale mail
rPois   .          Reflect  .   (no helmet)
rElec   .          Harm     .   (no cloak)
rCorr   .          Rampage  .   (no gloves)
Will    .....                   (no boots)
Stlth   ..........              (no amulet)
HPRegen 0.98/turn               f - +6 ring of intelligence
MPRegen 0.10/turn               g - +4 ring of slaying

@: no status effects
A: regeneration 1
a: Renounce Religion, Recite, Donate Gold


You were on level 4 of the Dungeon.
You worshipped Zin.
Zin was aware of your devotion.
You visited 1 branch of the dungeon, and saw 5 of its levels.

You collected 130 gold pieces.
You donated 13 gold pieces to Zin.

Inventory:

Hand Weapons
 a - a +0 long sword (weapon)
 j - a +0 hand axe of electrocution
Missiles
 i - 5 javelins (quivered)
Armour
 b - a +0 scale mail (worn)
 c - a +0 buckler (worn)
Jewellery
 f - a +6 ring of intelligence (left hand)
 g - a +4 ring of slaying (right hand)
Scrolls
 d - 3 scrolls of fear
 e - a scroll of magic mapping
 k - a scroll of holy word
 l - a scroll of teleportation {unknown}
Potions
 h - 3 potions of haste


   Skills:
 + Level 4.1 Fighting
 + Level 4.4 Long Blades
 + Level 0.5 Throwing
 + Level 4.7 Armour
 + Level 2.3 Dodging
 + Level 3.8 Shields


You had 6 spell levels left.
You didn't know any spells.
Your spell library contained the following spells:

 Spells                   Type           Power      Damage    Failure   Level
 Freeze                   Ice            0%         1d3       75%         1
 Confusing Touch          Hex            0%         N/A       98%         3
 Frozen Ramparts          Ice            0%         1d2       98%         3
 Hailstorm                Conj/Ice       0%         3d3       100%        4
 Yara's Violent Unravell  Hex/Tmut       0%         3d3       100%        5
 Enfeeble                 Hex            0%         N/A       100%        7


Dungeon Overview and Level Annotations

Branches:
Dungeon (5/15)
 Temple: D:4-7

Altars:
Uskayaw
Wu Jian
Zin

Shops:
D:1 *


Innate Abilities, Weirdness & Mutations

Your natural rate of healing is unusually fast.


Message History

You hear some strange, mumbled words.
You are confused.
The ufetubus hits you but does no damage.
The ufetubus hits you.
You miss the ufetubus. The orc hits you but does no damage.
The ufetubus barely misses you. x2
You hear some strange, mumbled words.
A magic dart appears from out of thin air!
The magic dart hits you. The orc hits you with a +0 mace.
The ufetubus barely misses you. x2
You hit something. The ufetubus closely misses you.
The ufetubus barely misses you.
You hear some strange, mumbled words.
A magic dart appears from out of thin air!
The magic dart hits you. The orc barely misses you.
You bump into the rock wall.
The ufetubus hits you.
The ufetubus hits you but does no damage.
You hear some strange, mumbled words.
A puff of flame appears from out of thin air!
The puff of flame hits you! The orc hits you with a +0 mace.
* * * LOW HITPOINT WARNING * * *
The ufetubus hits you but does no damage.
The ufetubus closely misses you. The ufetubus hits you.
* * * LOW HITPOINT WARNING * * *
The ufetubus hits you.
* * * LOW HITPOINT WARNING * * *
Something hits you.
* * * LOW HITPOINT WARNING * * *
The orc hits you but does no damage.
You closely miss the orc.
You feel less confused. The ufetubus barely misses you. The ufetubus hits you.
* * * LOW HITPOINT WARNING * * *
Something hits you.
* * * LOW HITPOINT WARNING * * *
The ufetubus barely misses you. The ufetubus hits you.
* * * LOW HITPOINT WARNING * * *
The orc hits you with a +0 mace.
You die...

# #......# #........#. # #......#
#........#. # #......#
#....##..## ## #......#
##...##..## .###### #......#
##..>##..## ......# #......#
#.......... .####.#
#.....######....).... ....#.#
#...o5##..##...##.... .##.#.#
##..@>#...##...##..## ..#.#.##
##...{#............## _).....#
#.....#.............. ..#.#..#
#....)##..#######..## .##.#..#
#.....##..##..###..##
....#..#######....#.......#....##
.####.......##....#.......#.....#
......##....#.....'.......#...(.#
.#######....#.....##..##..##...##


You could see an orc and an ufetubus.

Vanquished Creatures
  Sigmund (D:4)
  A howler monkey (D:5)
  An orc priest (D:3)
  2 hounds (D:4)
  2 hound skeletons
  6 adders
  3 gnolls (D:3)
  A shadow imp (D:4)
  4 worms
  2 dart slugs
  4 orcs
  8 ball pythons
  7 bats
  4 endoplasms
  2 giant cockroaches
  2 goblins
  7 hobgoblins
  3 jackals (D:3)
  7 kobolds
  3 quokkas
  2 frilled lizards (D:2)
  3 rats
75 creatures vanquished.

Vanquished Creatures (others)
  8 plants (D:3)
8 creatures vanquished.

Grand Total: 83 creatures vanquished

Notes
Turn   | Place    | Note
-------+----------+-------------------------------------------
     0 | D:1      | seaoflcl the Human Fighter began the quest for the Orb.
     0 | D:1      | Reached XP level 1. HP: 18/18 MP: 1/1
   318 | D:1      | Reached XP level 2. HP: 24/24 MP: 2/2
   473 | D:1      | Found a faded altar of an unknown god.
   527 | D:1      | Found Icayjux Ecuu's Assorted Antiques.
   795 | D:1      | Reached XP level 3. HP: 15/29 MP: 3/3
  1428 | D:2      | Reached XP level 4. HP: 30/35 MP: 4/4
  1563 | D:2      | Reached skill level 1 in Dodging
  2067 | D:3      | HP: 1/35 [kobold/+0 whip (3)]
  2069 | D:3      | Reached XP level 5. HP: 1/41 MP: 5/5
  2070 | D:3      | Gained mutation: Your natural rate of healing is unusually
                  | fast. [potion of mutation]
  2192 | D:3      | Found a glowing silver altar of Zin.
  2380 | D:3      | Reached XP level 6. HP: 48/48 MP: 6/6
  2652 | D:3      | Became a worshipper of Zin the Law-Giver
  2688 | D:4      | Found a hide-covered altar of Uskayaw.
  2695 | D:4      | Reached * piety under Zin
  2833 | D:4      | Found an ornate altar of the Wu Jian Council.
  2885 | D:4      | Noticed Sigmund
  2955 | D:4      | Killed Sigmund
  2956 | D:4      | Reached XP level 7. HP: 54/54 MP: 7/7
  3314 | D:5      | Entered Level 5 of the Dungeon
  3353 | D:4      | Slain by an orc

Illustrated notes

Levels and vault maps discovered:
D:1:      minmay_arrival_wavy_path, layout_basic, serial_shops,
          nicolae_diamond_shop, basic_ecumenical_altar
D:2:      minmay_angry_zag, layout_rooms, amcnicky_mini_corridor_feature,
          chequers_decorated_corner, amethyst_killhole,
          chequers_serial_rivers_micro_a
D:3:      layout_rooms, lemuel_doored_altar, chequers_big_river
D:4:      layout_gridville, nicolae_overflow_crystal_walls,
          nicolae_wu_jian_wuxing_cycle, uniq_sigmund
D:5:      layout_rooms, grunt_temple_overflow_champion_of_chaos,
          grunt_gozag_statues

Skill      XL: |  1  2  3  4  5  6 |
---------------+-------------------+-----
Dodging        | 1 2 |  2.3
Long Blades    | 3 4 |  4.4
Armour         | 4 |  4.7
Fighting       | 4 |  4.1
Throwing       | |  0.5
Shields        | |  3.8

Action                   |  1- 3 |  4- 6 |  7- 9 || total
-------------------------+-------+-------+-------++-------
Melee: Long sword        |    88 |   115 |    32 ||   235
Throw: Javelin           |       |     5 |       ||     5
  Use: Potion            |     2 |     3 |       ||     5
       Scroll            |       |     4 |     1 ||     5
Armor: Scale mail        |    61 |    72 |    21 ||   154
Dodge: Dodged            |    48 |    72 |    35 ||   155
Block: Buckler           |    26 |    35 |    16 ||    77
